 Dungeon Crawl Stone Soup version 0.21-a0-349-g0c35859 (webtiles) character file.

140 vishdafish the Skirmisher (level 5, 41/41 HPs)
             Began as a Demonspawn Fighter on Oct 7, 2017.
             Quit the game on level 2 of the Dungeon.
             The game lasted 00:01:32 (1748 turns).

vishdafish the Skirmisher (Demonspawn Fighter)      Turns: 1748, Time: 00:01:33

Health: 41/41      AC:  6    Str: 16    XL:     5   Next: 2%
Magic:  5/5        EV:  7    Int: 11    God:
Gold:   12         SH:  9    Dex: 12    Spells: 4/4 levels left

rFire    . . .     SeeInvis .   a - +0 long sword
rCold    . . .     Gourm    .   c - +0 shield
rNeg     . . .     Faith    .   b - +0 scale mail
rPois    .         Spirit   .   (helmet restricted)
rElec    .         Reflect  .   (no cloak)
rCorr    .         Harm     .   (no gloves)
MR       .....                  (no boots)
Stlth    ..........             (no amulet)
HPRegen  0.13/turn              (no ring)
MPRegen  0.09/turn              (no ring)

@: no status effects
A: horns 1, spiny 1
a: no special abilities


You were on level 2 of the Dungeon.
You were hungry.

You visited 1 branch of the dungeon, and saw 2 of its levels.

You collected 12 gold pieces.

Inventory:

Hand Weapons
 a - a +0 long sword (weapon)
Armour
 b - a +0 scale mail (worn)
 c - a +0 shield (worn)
Scrolls
 e - a scroll of blinking {unknown}
 i - a scroll of identify {unknown}
 m - a scroll of amnesia {unknown}
 n - a scroll of recharging {unknown}
Potions
 d - a potion of might
 g - a potion of flight {unknown}
 h - a potion of curing {unknown}
 k - a potion of lignification {unknown}
Comestibles
 f - 4 bread rations
 j - 3 fruits
 l - a royal jelly


   Skills:
 + Level 3.5 Fighting
 * Level 3.1 Long Blades
 + Level 3.2 Armour
 + Level 1.4 Dodging
 + Level 3.2 Shields


You had 4 spell levels left.
You didn't know any spells.

Dungeon Overview and Level Annotations

Branches:
Dungeon (2/15)

Altars:
Dithmenos
Nemelex Xobeh
Uskayaw
Vehumet


Innate Abilities, Weirdness & Mutations

You have a pair of small horns on your head.
You are partially covered in sharp spines.


Message History

No target in view!
No target in view!
The quokka is too close now for your liking.
You barely miss the quokka. You block the quokka's attack.
Your shield and scale mail prevent you from hitting the quokka.
You block the quokka's attack. The quokka is struck by your spines.
The quokka bites you but does no damage.
Your shield prevents you from hitting the quokka.
The quokka is heavily wounded.
The quokka bites you but does no damage.
You closely miss the quokka. Your headbutt misses the quokka.
The quokka is heavily wounded.
The quokka is struck by your spines.
You kill the quokka!
No target in view!
No target in view!
No target in view!
No target in view!
No target in view!
Are you sure you want to abandon this character and quit the game? (Confirm with "yes".)

..........#.†.....#.#
...........†.._.....#
..........#.......###
########..##.....##
##>## #...##...##
#8...8##....##.###
#.....##.........#
_....._#.........#
..##........@#
#........†#
#..........
###.........
#...........
#...........#
...........#
#.........##


There were no monsters in sight!

Vanquished Creatures
  4 adders (D:2)
  5 gnolls
  5 dart slugs
  3 leopard geckos (D:2)
  A ball python (D:1)
  2 bats
  2 giant cockroaches (D:2)
  5 goblins
  5 hobgoblins
  A quokka (D:2)
  4 frilled lizards
  7 kobolds
  A rat (D:2)
45 creatures vanquished.

Notes
Turn   | Place    | Note
-------+----------+-------------------------------------------
     0 | D:1      | vishdafish the Demonspawn Fighter began the quest for the Orb.
     0 | D:1      | Reached XP level 1. HP: 18/18 MP: 1/1
   333 | D:1      | Gained mutation: You are partially covered in sharp spines. [demonic ancestry]
   333 | D:1      | Reached XP level 2. HP: 24/24 MP: 2/2
   628 | D:1      | Reached XP level 3. HP: 28/29 MP: 3/3
   985 | D:2      | Reached skill level 1 in Dodging
  1356 | D:2      | Gained mutation: You have a pair of small horns on your head. [demonic ancestry]
  1356 | D:2      | Reached XP level 4. HP: 34/35 MP: 4/4
  1618 | D:2      | Found a hide-covered altar of Uskayaw.
  1698 | D:2      | Found a sparkling altar of Nemelex Xobeh.
  1707 | D:2      | Found a shadowy altar of Dithmenos.
  1707 | D:2      | Found a radiant altar of Vehumet.
  1728 | D:2      | Reached XP level 5. HP: 39/41 MP: 5/5
  1748 | D:2      | Quit the game

Vault maps used:
D:1:      elethiomel_arrival_infinity_welcomes_careful_drivers,
          minmay_misc_feat_more_columns, roderic_st_hans_cross
D:2:      eat_drink_and_be_merry_uskayaw, lemuel_round_altar,
          nicolae_overflow_hidden_temple, minmay_tripent

Skill      XL: |  1  2  3  4 |
---------------+-------------+-----
Long Blades    | 2 3 |  3.1
Shields        | 3 |  3.2
Dodging        | 1 |  1.4
Armour         | 3 |  3.2
Fighting       | |  3.5

Action                   |  1- 3 |  4- 6 || total
-------------------------+-------+-------++-------
Melee: Long sword        |    75 |    32 ||   107
       Headbutt          |       |     4 ||     4
  Eat: Chunk             |       |     2 ||     2
Armor: Scale mail        |    28 |    15 ||    43
Dodge: Dodged            |    18 |    13 ||    31
Block: Shield            |    41 |    22 ||    63
       Rpst.: Long sword |     6 |     2 ||     8

Table legend:
 A = Spawn XP
 B = Non-spawn XP
 C = Spawn XP percentage of total XP
 D = Spawn monster count
 E = Non-spawn monster count
 F = Spawn count percentage of total count
 G = Total turns spent on level
                    A         B        C        D         E        F      G
               +---------+---------+-------+---------+---------+-------+---------
         Total |       0 |     200 |   0.0 |       0 |      45 |   0.0 |  1748
               +---------+---------+-------+---------+---------+-------+---------
           D:1 |       0 |      51 |   0.0 |       0 |      18 |   0.0 |  1279
           D:2 |       0 |     149 |   0.0 |       0 |      27 |   0.0 |   469
               +---------+---------+-------+---------+---------+-------+---------
